[ AOE2 MATCH · #459535262 ]
UnrankedBurgundians vs Khmer
[ REPLAY ANALYSIS · EXTRACTED FROM THE RECORDED GAME ]
Feudal
9:36
Castle
18:17
Imperial
—
| APM avg | 57.7 |
| APM peak | 134 |
| eAPM avg | 32.1 |
| Villagers / military | 83 / 44 |
Focus
⚔️ 40.9% · 🌾 59.1%
Cavalry Archer ×40 · Mangonel ×4
Feudal
11:46
Castle
14:32
Imperial
—
| APM avg | 35.2 |
| APM peak | 49 |
| eAPM avg | 20.7 |
| Villagers / military | 130 / 32 |
Focus
⚔️ 31.7% · 🌾 68.3%
Scorpion ×21 · Monk ×7 · Battering Ram ×4
Feudal
10:31
Castle
14:20
Imperial
—
| APM avg | 33.8 |
| APM peak | 74 |
| eAPM avg | 20.1 |
| Villagers / military | 108 / 31 |
Focus
⚔️ 12.2% · 🌾 87.8%
Knight ×22 · Monaspa ×5 · Monk ×3 · Mangonel ×1
Feudal
8:50
Castle
19:26
Imperial
—
| APM avg | 45.4 |
| APM peak | 66 |
| eAPM avg | 25.3 |
| Villagers / military | 114 / 37 |
Focus
⚔️ 40.0% · 🌾 60.0%
Knight ×28 · Scout Cavalry ×9
Feudal
11:15
Castle
15:29
Imperial
—
| APM avg | 46.2 |
| APM peak | 82 |
| eAPM avg | 25.3 |
| Villagers / military | 140 / 5 |
Focus
⚔️ 20.9% · 🌾 79.1%
Unknown (1944) ×39 · Mangonel ×5
Feudal
10:56
Castle
15:08
Imperial
—
| APM avg | 40.9 |
| APM peak | 82 |
| eAPM avg | 20.2 |
| Villagers / military | 105 / 0 |
Focus
⚔️ 29.5% · 🌾 70.5%
Unknown (2579) ×47
Feudal
11:58
Castle
15:37
Imperial
—
| APM avg | 36.0 |
| APM peak | 77 |
| eAPM avg | 18.6 |
| Villagers / military | 85 / 11 |
Focus
⚔️ 19.5% · 🌾 80.5%
Archer ×4 · Militia ×4 · Mangonel ×2 · Battering Ram ×1
Feudal
11:03
Castle
16:49
Imperial
—
| APM avg | 52.2 |
| APM peak | 88 |
| eAPM avg | 18.5 |
| Villagers / military | 83 / 75 |
Focus
⚔️ 25.0% · 🌾 75.0%
Woad Raider ×75
Match map
Initial resources + every placement click. Lines = walls · curves = elevation contours. ◆ gold · ⬟ stone · ● berries · ✦ relic · ◌ wall gap
Your base· ✓ Closed at 18:17 · 21t walls · 1 gate(s)
OS+ | Nino D'Angelo's base· ✓ Closed at 14:32 · 18t walls · no gate
holagame's base· ✓ Closed at 14:20 · 5t walls · 1 gate(s)
OS+ | VoNDutcH's base· ✓ Closed at 19:26 · 0t walls · no gate
dapao's base· ✓ Closed at 15:29 · 14t walls · 1 gate(s)
Dott_Berlu's base· ✓ Closed at 15:08 · 25t walls · no gate
Zzzzzz's base· ✓ Closed at 15:37 · 1t walls · 1 gate(s)
Revenge's base· ✓ Closed at 16:49 · 19t walls · 2 gate(s)
Smoothed initial terrain · ◌ = detected wall gap · hover for details
Inputs per minute
— Charizard - - OS+ | Nino D'Angelo
Build order — Charizard
First 150 of 221 actions detected
| 0:01 | Queue | Villager (Male) |
| 0:01 | Queue | Villager (Male) |
| 0:03 | Build | House |
| 0:04 | Build | House |
| 0:13 | Queue | Villager (Male) |
| 0:13 | Queue | Villager (Male) |
| 1:24 | Queue | Villager (Male) |
| 1:48 | Build | Lumber Camp |
| 2:05 | Queue | Villager (Male) |
| 2:05 | Queue | Villager (Male) |
| 2:15 | Queue | Villager (Male) |
| 2:47 | Research | Double-Bit Axe |
| 3:01 | Queue | Villager (Male) |
| 3:01 | Queue | Villager (Male) |
| 3:23 | Queue | Villager (Male) |
| 3:23 | Queue | Villager (Male) |
| 3:35 | Queue | Villager (Male) |
| 3:55 | Build | House |
| 4:15 | Queue | Villager (Male) |
| 4:16 | Queue | Villager (Male) |
| 4:31 | Queue | Villager (Male) |
| 4:31 | Queue | Villager (Male) |
| 4:42 | Build | Palisade Wall |
| 4:54 | Queue | Villager (Male) |
| 5:16 | Build | House |
| 5:22 | Queue | Villager (Male) |
| 5:45 | Queue | Villager (Male) |
| 6:21 | Queue | Villager (Male) |
| 6:34 | Build | Palisade Wall |
| 6:49 | Queue | Villager (Male) |
| 6:52 | Build | Mill |
| 6:58 | Build | House |
| 7:26 | Research | Feudal Age |
| 7:26 | Research | Feudal Age |
| 7:26 | Research | Feudal Age |
| 7:38 | Build | Palisade Wall |
| 8:01 | Research | Horse Collar |
| 8:54 | Build | Palisade Wall |
| 8:55 | Build | Palisade Wall |
| 9:01 | Queue | Villager (Male) |
| 9:33 | Build | Farm |
| 9:34 | Build | Farm |
| 9:36 | Age | Feudal Age |
| 9:46 | Research | Bow Saw |
| 9:46 | Research | Bow Saw |
| 9:48 | Research | Heavy Plow |
| 9:48 | Research | Heavy Plow |
| 9:48 | Research | Heavy Plow |
| 10:02 | Queue | Villager (Male) |
| 10:20 | Queue | Villager (Male) |
| 10:30 | Build | Farm |
| 10:35 | Build | Farm |
| 10:39 | Queue | Villager (Male) |
| 10:50 | Build | Farm |
| 10:53 | Build | Farm |
| 10:54 | Queue | Villager (Male) |
| 10:59 | Build | House |
| 11:11 | Queue | Villager (Male) |
| 11:16 | Build | Farm |
| 11:19 | Build | Farm |
| 11:34 | Queue | Villager (Male) |
| 11:37 | Build | Farm |
| 11:44 | Build | House |
| 11:48 | Queue | Villager (Male) |
| 11:50 | Build | Farm |
| 11:55 | Build | Farm |
| 12:38 | Build | Barracks |
| 12:50 | Research | Wheelbarrow |
| 13:10 | Build | Mining Camp |
| 13:26 | Queue | Villager (Male) |
| 13:48 | Build | Stable |
| 14:19 | Build | Archery Range |
| 14:26 | Queue | Villager (Male) |
| 14:41 | Build | Archery Range |
| 14:51 | Build | Blacksmith |
| 15:01 | Queue | Villager (Male) |
| 15:37 | Research | Castle Age |
| 15:38 | Research | Castle Age |
| 15:42 | Build | Archery Range |
| 15:45 | Research | Fletching |
| 15:59 | Research | Gold Mining |
| 16:10 | Build | Archery Range |
| 16:20 | Queue | Villager (Male) |
| 16:26 | Build | House |
| 16:52 | Research | Padded Archer Armor |
| 17:03 | Build | Palisade Gate |
| 17:18 | Research | Gold Shaft Mining |
| 17:18 | Research | Gold Shaft Mining |
| 17:31 | Queue | Villager (Male) |
| 17:39 | Build | House |
| 17:59 | Build | House |
| 18:00 | Build | House |
| 18:17 | Age | Castle Age |
| 18:19 | Queue | Cavalry Archer |
| 18:19 | Queue | Cavalry Archer |
| 18:19 | Queue | Cavalry Archer |
| 18:19 | Queue | Cavalry Archer |
| 18:22 | Research | Bodkin Arrow |
| 18:22 | Research | Bodkin Arrow |
| 18:28 | Build | Town Center |
| 18:29 | Queue | Villager (Male) |
| 18:59 | Queue | Villager (Male) |
| 19:01 | Research | Two-Man Saw |
| 19:02 | Research | Two-Man Saw |
| 19:02 | Research | Two-Man Saw |
| 19:13 | Queue | Villager (Male) |
| 19:41 | Queue | Villager (Male) |
| 19:50 | Queue | Villager (Male) |
| 19:54 | Queue | Cavalry Archer |
| 19:54 | Queue | Cavalry Archer |
| 19:54 | Queue | Cavalry Archer |
| 19:54 | Queue | Cavalry Archer |
| 19:55 | Queue | Cavalry Archer |
| 20:09 | Queue | Cavalry Archer |
| 20:10 | Queue | Cavalry Archer |
| 20:10 | Queue | Cavalry Archer |
| 20:28 | Queue | Villager (Male) |
| 20:43 | Queue | Villager (Male) |
| 20:48 | Queue | Cavalry Archer |
| 20:48 | Queue | Cavalry Archer |
| 20:52 | Research | Leather Archer Armor |
| 20:52 | Research | Leather Archer Armor |
| 20:58 | Queue | Villager (Male) |
| 20:59 | Queue | Villager (Male) |
| 21:26 | Build | University |
| 21:31 | Queue | Cavalry Archer |
| 21:31 | Queue | Cavalry Archer |
| 21:31 | Queue | Cavalry Archer |
| 21:37 | Queue | Villager (Male) |
| 21:37 | Queue | Villager (Male) |
| 21:54 | Queue | Villager (Male) |
| 22:06 | Queue | Villager (Male) |
| 22:10 | Queue | Cavalry Archer |
| 22:10 | Queue | Cavalry Archer |
| 22:10 | Queue | Cavalry Archer |
| 22:42 | Queue | Villager (Male) |
| 22:42 | Queue | Villager (Male) |
| 23:02 | Research | Ballistics |
| 23:02 | Research | Ballistics |
| 23:03 | Research | Ballistics |
| 23:06 | Queue | Villager (Male) |
| 23:07 | Queue | Villager (Male) |
| 23:07 | Queue | Villager (Male) |
| 23:26 | Build | House |
| 23:30 | Build | House |
| 23:33 | Build | House |
| 23:35 | Queue | Villager (Male) |
| 23:46 | Build | House |
| 23:57 | Queue | Villager (Male) |
| 24:12 | Queue | Villager (Male) |
Build order — OS+ | Nino D'Angelo
First 150 of 243 actions detected
| 0:01 | Queue | Villager (Male) |
| 0:01 | Queue | Villager (Male) ×3 |
| 0:02 | Queue | Villager (Male) ×3 |
| 0:02 | Build | House |
| 0:04 | Build | House |
| 1:29 | Queue | Villager (Male) |
| 1:50 | Queue | Villager (Male) |
| 2:22 | Queue | Villager (Male) |
| 2:43 | Queue | Villager (Male) |
| 2:59 | Build | Lumber Camp |
| 3:03 | Queue | Villager (Male) |
| 3:11 | Queue | Villager (Male) |
| 3:34 | Queue | Villager (Male) |
| 3:52 | Build | House |
| 3:56 | Build | House |
| 3:56 | Build | Palisade Wall |
| 4:01 | Queue | Villager (Male) |
| 4:04 | Queue | Villager (Male) |
| 4:21 | Queue | Villager (Male) |
| 4:30 | Build | House |
| 4:36 | Queue | Villager (Male) |
| 5:10 | Build | Palisade Gate |
| 5:13 | Build | Palisade Wall |
| 5:14 | Build | Palisade Wall |
| 5:16 | Build | Palisade Wall |
| 5:21 | Queue | Villager (Male) |
| 5:53 | Queue | Villager (Male) |
| 6:18 | Queue | Villager (Male) |
| 6:23 | Build | Mill |
| 6:44 | Build | Palisade Wall |
| 6:46 | Queue | Villager (Male) |
| 6:54 | Queue | Villager (Male) |
| 6:57 | Build | House |
| 7:03 | Queue | Villager (Male) |
| 7:36 | Build | House |
| 7:58 | Build | Farm |
| 8:00 | Queue | Villager (Male) |
| 8:13 | Build | House |
| 8:20 | Queue | Villager (Male) |
| 8:22 | Build | Farm |
| 8:39 | Build | Palisade Wall |
| 8:40 | Build | Palisade Wall |
| 8:43 | Build | Palisade Wall |
| 9:10 | Build | Farm |
| 9:32 | Build | Farm |
| 9:33 | Research | Feudal Age |
| 10:10 | Build | Mining Camp |
| 10:12 | Queue | Villager (Male) |
| 10:13 | Queue | Villager (Male) |
| 10:16 | Build | Palisade Wall |
| 10:19 | Build | Palisade Wall |
| 11:40 | Build | House |
| 11:43 | Build | House |
| 11:46 | Age | Feudal Age |
| 11:52 | Research | Castle Age |
| 12:15 | Research | Horse Collar |
| 12:15 | Research | Double-Bit Axe |
| 12:20 | Build | Lumber Camp |
| 13:22 | Queue | Villager (Male) |
| 13:47 | Research | Gold Mining |
| 14:32 | Age | Castle Age |
| 14:36 | Build | Siege Workshop |
| 14:41 | Research | Loom |
| 14:41 | Research | Bow Saw |
| 14:43 | Research | Heavy Plow |
| 14:55 | Build | Palisade Wall |
| 14:56 | Build | Palisade Wall |
| 14:57 | Build | Palisade Wall |
| 15:03 | Build | Farm |
| 15:06 | Queue | Villager (Male) |
| 15:29 | Queue | Villager (Male) |
| 15:39 | Build | Siege Workshop |
| 15:42 | Queue | Scorpion |
| 16:00 | Queue | Villager (Male) |
| 16:02 | Queue | Scorpion |
| 16:24 | Queue | Scorpion |
| 16:26 | Build | Monastery |
| 16:36 | Queue | Villager (Male) |
| 16:39 | Queue | Scorpion |
| 17:01 | Queue | Scorpion |
| 17:02 | Queue | Scorpion |
| 17:03 | Queue | Villager (Male) |
| 17:05 | Queue | Villager (Male) |
| 17:17 | Queue | Monk |
| 17:19 | Build | House |
| 17:30 | Queue | Battering Ram |
| 17:31 | Queue | Villager (Male) |
| 17:59 | Queue | Battering Ram |
| 18:02 | Build | House |
| 18:15 | Queue | Villager (Male) |
| 18:17 | Queue | Scorpion |
| 18:21 | Queue | Monk |
| 18:49 | Queue | Battering Ram |
| 18:51 | Queue | Villager (Male) |
| 18:52 | Build | House |
| 18:54 | Queue | Villager (Male) |
| 19:13 | Research | Wheelbarrow |
| 19:28 | Queue | Scorpion |
| 19:55 | Queue | Villager (Male) |
| 19:55 | Queue | Scorpion |
| 19:57 | Queue | Scorpion |
| 20:20 | Build | House |
| 20:39 | Queue | Battering Ram |
| 20:53 | Queue | Villager (Male) |
| 20:56 | Build | Mining Camp |
| 20:59 | Queue | Villager (Male) |
| 21:02 | Build | Town Center |
| 21:45 | Queue | Villager (Male) |
| 21:45 | Queue | Villager (Male) |
| 21:46 | Queue | Villager (Male) |
| 21:52 | Queue | Villager (Male) |
| 21:59 | Queue | Monk |
| 22:04 | Queue | Villager (Male) |
| 22:09 | Build | Town Center |
| 22:17 | Queue | Monk |
| 22:32 | Queue | Monk |
| 22:40 | Queue | Villager (Male) |
| 22:43 | Build | Market |
| 22:45 | Build | Market |
| 22:48 | Build | Lumber Camp |
| 22:51 | Build | Lumber Camp |
| 22:54 | Build | Farm |
| 22:55 | Build | Farm |
| 23:13 | Build | Monastery |
| 23:15 | Queue | Villager (Male) |
| 23:15 | Queue | Villager (Male) |
| 23:20 | Queue | Villager (Male) |
| 23:21 | Queue | Villager (Male) |
| 23:22 | Build | Farm |
| 23:23 | Build | Farm |
| 23:26 | Build | Mining Camp |
| 23:37 | Build | Farm |
| 23:38 | Build | Farm |
| 23:40 | Queue | Villager (Male) |
| 23:40 | Queue | Villager (Male) |
| 23:48 | Queue | Monk |
| 23:50 | Queue | Scorpion |
| 23:52 | Queue | Scorpion |
| 23:54 | Queue | Villager (Male) |
| 23:56 | Build | Farm |
| 23:59 | Build | Farm |
| 24:01 | Build | Farm |
| 24:03 | Build | Lumber Camp |
| 24:10 | Queue | Villager (Male) |
| 24:10 | Queue | Villager (Male) |
| 24:14 | Build | Farm |
| 24:16 | Build | Farm |
| 24:17 | Queue | Villager (Male) |
| 24:18 | Queue | Villager (Male) |
| 24:22 | Queue | Scorpion |
Build order — holagame
First 150 of 247 actions detected
| 0:01 | Queue | Villager (Male) |
| 0:01 | Queue | Villager (Male) |
| 0:02 | Queue | Villager (Male) |
| 0:03 | Build | House |
| 0:05 | Build | House |
| 0:13 | Queue | Villager (Male) |
| 1:25 | Queue | Villager (Male) |
| 1:57 | Queue | Villager (Male) |
| 2:26 | Queue | Villager (Male) |
| 2:52 | Queue | Villager (Male) |
| 3:15 | Queue | Villager (Male) |
| 3:18 | Queue | Villager (Male) |
| 3:18 | Queue | Villager (Male) |
| 3:28 | Build | House |
| 3:53 | Queue | Villager (Male) |
| 4:01 | Queue | Villager (Male) |
| 4:19 | Build | Mule Cart |
| 4:28 | Build | House |
| 4:48 | Queue | Villager (Male) |
| 5:16 | Queue | Villager (Male) |
| 5:16 | Queue | Villager (Male) |
| 5:58 | Build | Palisade Gate |
| 6:01 | Build | Palisade Wall |
| 6:08 | Queue | Villager (Male) |
| 6:18 | Queue | Villager (Male) |
| 6:52 | Build | Mill |
| 6:59 | Queue | Villager (Male) |
| 7:11 | Queue | Villager (Male) |
| 7:22 | Research | Loom |
| 7:41 | Build | Mule Cart |
| 8:05 | Research | Feudal Age |
| 8:05 | Research | Feudal Age |
| 9:03 | Queue | Villager (Male) |
| 9:20 | Queue | Villager (Male) |
| 10:31 | Age | Feudal Age |
| 10:35 | Build | Blacksmith |
| 10:39 | Build | Market |
| 11:40 | Research | Castle Age |
| 11:40 | Research | Castle Age |
| 12:18 | Queue | Villager (Male) |
| 12:21 | Build | House |
| 12:44 | Research | Double-Bit Axe |
| 12:48 | Queue | Villager (Male) |
| 12:56 | Build | House |
| 13:20 | Research | Horse Collar |
| 13:27 | Build | Farm |
| 13:28 | Build | Farm |
| 13:30 | Build | Farm |
| 13:35 | Build | House |
| 14:20 | Age | Castle Age |
| 14:21 | Build | Town Center |
| 14:26 | Build | Monastery |
| 14:30 | Queue | Villager (Male) |
| 14:50 | Build | Farm |
| 14:52 | Queue | Villager (Male) |
| 14:57 | Build | Farm |
| 15:01 | Build | Farm |
| 15:16 | Build | Farm |
| 15:17 | Queue | Villager (Male) |
| 15:33 | Build | Farm |
| 15:36 | Build | Farm |
| 15:37 | Build | Farm |
| 15:39 | Queue | Villager (Male) |
| 16:01 | Queue | Villager (Male) |
| 16:04 | Queue | Villager (Male) |
| 16:06 | Queue | Villager (Male) |
| 16:16 | Build | Town Center |
| 16:30 | Queue | Villager (Male) |
| 16:36 | Queue | Villager (Male) |
| 16:56 | Build | Palisade Gate |
| 16:57 | Queue | Villager (Male) |
| 17:02 | Build | Monastery |
| 17:08 | Queue | Villager (Male) |
| 17:19 | Build | Barracks |
| 17:30 | Queue | Villager (Male) |
| 17:33 | Build | Siege Workshop |
| 17:42 | Queue | Villager (Male) |
| 17:43 | Queue | Villager (Male) |
| 17:47 | Queue | Monk |
| 17:50 | Queue | Villager (Male) |
| 17:50 | Queue | Villager (Male) |
| 17:55 | Queue | Villager (Male) |
| 17:57 | Build | Farm |
| 17:59 | Build | Farm |
| 18:11 | Queue | Villager (Male) |
| 18:22 | Queue | Villager (Male) |
| 18:26 | Build | Barracks |
| 18:33 | Queue | Villager (Male) |
| 18:40 | Queue | Villager (Male) |
| 18:46 | Build | House |
| 18:47 | Build | House |
| 18:48 | Queue | Villager (Male) |
| 18:59 | Queue | Villager (Male) |
| 19:04 | Build | Stable |
| 19:06 | Queue | Villager (Male) |
| 19:18 | Queue | Villager (Male) |
| 19:18 | Queue | Villager (Male) |
| 19:23 | Queue | Villager (Male) |
| 19:35 | Build | Stable |
| 19:39 | Queue | Knight ×2 |
| 19:40 | Queue | Knight ×2 |
| 19:51 | Build | Farm |
| 19:55 | Queue | Knight |
| 19:55 | Queue | Knight |
| 20:04 | Queue | Villager (Male) |
| 20:07 | Build | House |
| 20:08 | Build | House |
| 20:19 | Queue | Knight |
| 20:19 | Queue | Knight |
| 20:21 | Queue | Villager (Male) |
| 20:21 | Queue | Villager (Male) |
| 20:25 | Build | Farm |
| 20:27 | Build | Farm |
| 20:28 | Build | Farm |
| 20:43 | Queue | Knight |
| 20:45 | Queue | Villager (Male) |
| 20:45 | Queue | Villager (Male) |
| 20:53 | Queue | Villager (Male) |
| 21:16 | Research | Scale Barding Armor |
| 21:16 | Research | Scale Barding Armor |
| 21:21 | Queue | Villager (Male) |
| 21:24 | Build | Town Center |
| 21:30 | Queue | Knight |
| 21:36 | Queue | Villager (Male) |
| 21:50 | Queue | Villager (Male) |
| 21:50 | Queue | Villager (Male) |
| 21:51 | Queue | Villager (Male) |
| 21:54 | Build | Farm |
| 21:54 | Build | Farm |
| 21:57 | Build | Monastery |
| 22:01 | Queue | Knight |
| 22:01 | Queue | Knight |
| 22:08 | Queue | Villager (Male) |
| 22:08 | Queue | Villager (Male) |
| 22:08 | Queue | Villager (Male) |
| 22:17 | Queue | Villager (Male) |
| 22:17 | Queue | Villager (Male) |
| 22:24 | Queue | Villager (Male) |
| 22:31 | Queue | Monk |
| 22:52 | Queue | Mangonel |
| 23:00 | Queue | Villager (Male) |
| 23:00 | Queue | Villager (Male) |
| 23:01 | Queue | Villager (Male) |
| 23:02 | Queue | Villager (Male) |
| 23:02 | Queue | Villager (Male) |
| 23:03 | Build | Farm |
| 23:05 | Build | Monastery |
| 23:07 | Build | Farm |
| 23:08 | Queue | Villager (Male) |
| 23:08 | Queue | Villager (Male) |
Build order — OS+ | VoNDutcH
First 150 of 274 actions detected
| 0:00 | Queue | Villager (Male) |
| 0:00 | Queue | Villager (Male) |
| 0:02 | Build | House |
| 0:02 | Build | House |
| 0:08 | Queue | Villager (Male) |
| 0:13 | Queue | Villager (Male) |
| 0:13 | Queue | Villager (Male) |
| 1:25 | Queue | Villager (Male) |
| 1:25 | Queue | Villager (Male) |
| 1:43 | Build | Lumber Camp |
| 1:57 | Queue | Villager (Male) |
| 2:13 | Queue | Villager (Male) |
| 2:44 | Queue | Villager (Male) |
| 3:13 | Queue | Villager (Male) |
| 3:13 | Queue | Villager (Male) |
| 3:14 | Queue | Villager (Male) |
| 3:35 | Build | Mill |
| 3:44 | Queue | Villager (Male) |
| 3:45 | Queue | Villager (Male) |
| 3:59 | Build | House |
| 4:17 | Queue | Villager (Male) |
| 4:23 | Build | House |
| 4:36 | Queue | Villager (Male) |
| 4:36 | Queue | Villager (Male) |
| 4:55 | Queue | Villager (Male) |
| 4:56 | Queue | Villager (Male) |
| 5:39 | Queue | Villager (Male) |
| 5:58 | Queue | Villager (Male) |
| 6:09 | Research | Loom |
| 6:40 | Research | Feudal Age |
| 7:08 | Build | Barracks |
| 7:50 | Queue | Villager (Male) |
| 8:25 | Build | House |
| 8:50 | Age | Feudal Age |
| 8:56 | Build | Stable |
| 8:58 | Queue | Villager (Male) |
| 9:06 | Research | Horse Collar |
| 9:19 | Build | Farm |
| 9:26 | Research | Double-Bit Axe |
| 9:28 | Queue | Villager (Male) |
| 9:32 | Build | Farm |
| 9:42 | Queue | Scout Cavalry |
| 9:44 | Queue | Scout Cavalry |
| 9:45 | Queue | Villager (Male) |
| 10:07 | Build | Farm |
| 10:14 | Queue | Scout Cavalry |
| 10:21 | Queue | Villager (Male) |
| 10:27 | Build | Farm |
| 10:30 | Build | Farm |
| 10:32 | Build | Farm |
| 10:55 | Queue | Villager (Male) |
| 11:05 | Queue | Scout Cavalry |
| 11:06 | Queue | Villager (Male) |
| 11:35 | Queue | Villager (Male) |
| 11:49 | Queue | Villager (Male) |
| 12:11 | Queue | Scout Cavalry |
| 12:13 | Queue | Villager (Male) |
| 12:16 | Build | Farm |
| 12:17 | Build | Farm |
| 12:19 | Build | Mill |
| 12:20 | Build | Farm |
| 12:23 | Queue | Scout Cavalry |
| 12:24 | Queue | Villager (Male) |
| 12:47 | Queue | Villager (Male) |
| 13:05 | Build | Farm |
| 13:05 | Build | Farm |
| 13:07 | Build | Farm |
| 13:12 | Queue | Scout Cavalry |
| 13:26 | Build | Farm |
| 13:29 | Queue | Villager (Male) |
| 13:46 | Build | Mining Camp |
| 13:54 | Build | House |
| 14:07 | Queue | Villager (Male) |
| 14:21 | Queue | Villager (Male) |
| 14:28 | Queue | Scout Cavalry |
| 14:29 | Queue | Villager (Male) |
| 14:33 | Build | Farm |
| 14:42 | Build | Blacksmith |
| 14:43 | Queue | Villager (Male) |
| 14:44 | Build | Mining Camp |
| 14:54 | Queue | Scout Cavalry |
| 15:00 | Queue | Villager (Male) |
| 15:09 | Build | House |
| 15:30 | Queue | Villager (Male) |
| 16:33 | Build | House |
| 16:42 | Research | Castle Age |
| 16:52 | Build | Farm |
| 16:53 | Build | Farm |
| 16:56 | Build | Farm |
| 16:57 | Build | Mill |
| 16:58 | Build | Farm |
| 17:08 | Research | Bloodlines |
| 17:11 | Research | Forging |
| 17:18 | Queue | Villager (Male) |
| 17:46 | Research | Scale Barding Armor |
| 17:54 | Research | Gold Mining |
| 17:55 | Research | Gold Mining |
| 19:26 | Age | Castle Age |
| 19:30 | Research | Light Cavalry (upgrade) |
| 19:32 | Queue | Villager (Male) |
| 19:33 | Build | Town Center |
| 19:50 | Queue | Villager (Male) |
| 20:11 | Queue | Villager (Male) |
| 20:12 | Build | Town Center |
| 20:19 | Research | Iron Casting |
| 20:20 | Research | Chain Barding Armor |
| 20:22 | Queue | Villager (Male) |
| 20:27 | Research | Husbandry |
| 20:38 | Research | Bow Saw |
| 20:59 | Queue | Villager (Male) |
| 21:00 | Build | Farm |
| 21:01 | Queue | Villager (Male) |
| 21:14 | Queue | Villager (Male) |
| 21:23 | Queue | Villager (Male) |
| 21:28 | Queue | Villager (Male) |
| 21:28 | Queue | Villager (Male) |
| 21:50 | Queue | Villager (Male) |
| 21:54 | Build | Mill |
| 21:54 | Build | Farm |
| 21:55 | Build | Farm |
| 21:55 | Build | Farm |
| 21:55 | Build | Farm |
| 22:00 | Queue | Villager (Male) |
| 22:10 | Build | Farm |
| 22:10 | Build | Farm |
| 22:18 | Queue | Villager (Male) |
| 22:19 | Queue | Villager (Male) |
| 22:20 | Queue | Villager (Male) |
| 22:20 | Queue | Villager (Male) |
| 22:27 | Research | Stone Mining |
| 22:31 | Build | Farm |
| 22:32 | Build | Farm |
| 22:42 | Queue | Villager (Male) |
| 22:42 | Queue | Villager (Male) |
| 22:43 | Queue | Villager (Male) |
| 22:45 | Build | Farm |
| 22:46 | Build | Farm |
| 22:57 | Queue | Villager (Male) |
| 22:57 | Queue | Villager (Male) |
| 22:59 | Build | Farm |
| 23:10 | Queue | Villager (Male) |
| 23:11 | Build | House |
| 23:13 | Build | House |
| 23:17 | Queue | Villager (Male) |
| 23:31 | Queue | Villager (Male) |
| 23:34 | Build | Farm |
| 23:34 | Build | Farm |
| 23:35 | Build | Farm |
| 23:38 | Queue | Villager (Male) |
| 23:42 | Queue | Villager (Male) |
Build order — dapao
First 150 of 287 actions detected
| 0:00 | Queue | Villager (Male) |
| 0:01 | Queue | Villager (Male) |
| 0:02 | Build | House |
| 0:03 | Build | House |
| 0:18 | Queue | Villager (Male) |
| 0:18 | Queue | Villager (Male) |
| 0:18 | Queue | Villager (Male) |
| 1:44 | Queue | Villager (Male) |
| 1:45 | Queue | Villager (Male) |
| 1:47 | Build | Lumber Camp |
| 1:57 | Queue | Villager (Male) |
| 1:58 | Queue | Villager (Male) |
| 2:48 | Queue | Villager (Male) |
| 3:03 | Queue | Villager (Male) |
| 3:35 | Build | House |
| 3:42 | Build | House |
| 3:51 | Queue | Villager (Male) |
| 3:51 | Queue | Villager (Male) |
| 3:51 | Queue | Villager (Male) |
| 4:08 | Queue | Villager (Male) |
| 4:56 | Queue | Villager (Male) |
| 4:56 | Queue | Villager (Male) |
| 4:56 | Queue | Villager (Male) |
| 5:04 | Build | Mill |
| 5:14 | Queue | Villager (Male) |
| 5:14 | Queue | Villager (Male) |
| 5:35 | Build | Palisade Wall |
| 5:36 | Build | Palisade Wall |
| 5:39 | Queue | Villager (Male) |
| 6:05 | Build | House |
| 6:20 | Queue | Villager (Male) |
| 6:36 | Build | Palisade Gate |
| 6:37 | Queue | Villager (Male) |
| 6:39 | Queue | Villager (Male) |
| 6:40 | Queue | Villager (Male) |
| 6:54 | Queue | Villager (Male) |
| 6:59 | Queue | Villager (Male) |
| 7:04 | Queue | Villager (Male) |
| 7:19 | Build | Farm |
| 7:20 | Queue | Villager (Male) |
| 7:47 | Build | Farm |
| 8:06 | Build | Farm |
| 8:25 | Queue | Villager (Male) |
| 8:47 | Queue | Villager (Male) |
| 8:50 | Build | Farm |
| 8:57 | Queue | Villager (Male) |
| 9:00 | Build | Farm |
| 9:05 | Research | Feudal Age |
| 9:08 | Build | House |
| 9:31 | Build | Mining Camp |
| 10:09 | Queue | Villager (Male) |
| 10:36 | Build | Barracks |
| 10:41 | Queue | Villager (Male) |
| 10:51 | Queue | Villager (Male) |
| 10:52 | Queue | Villager (Male) |
| 11:07 | Queue | Villager (Male) |
| 11:15 | Age | Feudal Age |
| 11:16 | Build | Blacksmith |
| 11:17 | Queue | Villager (Male) |
| 11:25 | Build | Blacksmith |
| 11:25 | Queue | Villager (Male) |
| 11:44 | Queue | Villager (Male) |
| 11:52 | Build | Stable |
| 11:55 | Queue | Villager (Male) |
| 12:03 | Build | House |
| 12:15 | Build | Farm |
| 12:38 | Build | Farm |
| 12:49 | Research | Castle Age |
| 12:50 | Research | Castle Age |
| 12:54 | Build | Farm |
| 12:55 | Build | Farm |
| 13:27 | Research | Horse Collar |
| 13:33 | Build | Farm |
| 13:45 | Research | Double-Bit Axe |
| 14:22 | Research | Scale Barding Armor |
| 14:47 | Build | Farm |
| 15:29 | Age | Castle Age |
| 15:36 | Build | Town Center |
| 15:38 | Queue | Unit 1944 |
| 15:39 | Queue | Unit 1944 |
| 15:39 | Queue | Unit 1944 |
| 15:39 | Queue | Villager (Male) |
| 15:41 | Queue | Villager (Male) |
| 15:43 | Queue | Villager (Male) |
| 15:51 | Research | Gold Mining |
| 15:52 | Queue | Villager (Male) |
| 16:17 | Queue | Unit 1944 |
| 16:18 | Queue | Villager (Male) |
| 16:36 | Queue | Villager (Male) |
| 16:39 | Build | House |
| 16:39 | Build | House |
| 16:44 | Queue | Villager (Male) |
| 17:02 | Queue | Villager (Male) |
| 17:04 | Build | Farm |
| 17:05 | Queue | Villager (Male) |
| 17:10 | Queue | Villager (Male) |
| 17:18 | Build | Town Center |
| 17:20 | Queue | Villager (Male) |
| 17:26 | Queue | Unit 1944 |
| 17:27 | Queue | Villager (Male) |
| 17:27 | Queue | Villager (Male) |
| 17:28 | Queue | Villager (Male) |
| 17:35 | Queue | Villager (Male) |
| 17:36 | Queue | Villager (Male) |
| 17:42 | Research | Bow Saw |
| 17:48 | Build | Farm |
| 17:54 | Queue | Unit 1944 |
| 17:58 | Queue | Villager (Male) |
| 18:02 | Build | Farm |
| 18:06 | Queue | Villager (Male) |
| 18:12 | Queue | Villager (Male) |
| 18:33 | Queue | Villager (Male) |
| 18:34 | Queue | Villager (Male) |
| 18:40 | Build | Farm |
| 18:41 | Queue | Villager (Male) |
| 18:56 | Queue | Unit 1944 |
| 18:56 | Queue | Unit 1944 |
| 18:58 | Queue | Villager (Male) |
| 19:26 | Queue | Unit 1944 |
| 19:27 | Queue | Villager (Male) |
| 19:33 | Queue | Villager (Male) |
| 19:33 | Queue | Villager (Male) |
| 19:34 | Queue | Villager (Male) |
| 19:39 | Build | Mining Camp |
| 19:42 | Queue | Villager (Male) |
| 19:47 | Build | Farm |
| 19:59 | Queue | Villager (Male) |
| 20:00 | Queue | Villager (Male) |
| 20:13 | Queue | Unit 1944 |
| 20:13 | Queue | Unit 1944 |
| 20:25 | Queue | Villager (Male) |
| 20:37 | Queue | Unit 1944 |
| 20:49 | Queue | Unit 1944 |
| 20:52 | Queue | Villager (Male) |
| 20:54 | Build | Lumber Camp |
| 20:56 | Build | House |
| 20:56 | Build | House |
| 21:01 | Build | House |
| 21:02 | Build | House |
| 21:03 | Build | House |
| 21:34 | Queue | Unit 1944 |
| 21:34 | Queue | Unit 1944 |
| 21:35 | Queue | Villager (Male) |
| 21:36 | Queue | Villager (Male) |
| 21:36 | Queue | Villager (Male) |
| 21:41 | Build | Farm |
| 21:42 | Build | Farm |
| 21:48 | Queue | Unit 1944 |
| 21:50 | Queue | Villager (Male) |
| 21:54 | Build | Farm |
Build order — Dott_Berlu
First 150 of 236 actions detected
| 0:00 | Queue | Villager (Male) |
| 0:01 | Queue | Villager (Male) |
| 0:01 | Queue | Villager (Male) |
| 0:01 | Queue | Villager (Male) |
| 0:01 | Queue | Villager (Male) |
| 0:03 | Build | House |
| 0:04 | Build | House |
| 0:26 | Build | House |
| 1:14 | Queue | Villager (Male) |
| 2:00 | Queue | Villager (Male) |
| 2:00 | Queue | Villager (Male) |
| 2:21 | Queue | Villager (Male) |
| 2:21 | Queue | Villager (Male) |
| 2:29 | Build | Settlement |
| 2:37 | Queue | Villager (Male) |
| 2:37 | Queue | Villager (Male) |
| 2:54 | Queue | Villager (Male) |
| 2:54 | Queue | Villager (Male) |
| 3:37 | Queue | Villager (Male) |
| 3:38 | Research | Loom |
| 3:48 | Queue | Villager (Male) |
| 3:48 | Queue | Villager (Male) |
| 4:01 | Queue | Villager (Male) |
| 4:02 | Queue | Villager (Male) |
| 4:38 | Build | Palisade Wall |
| 4:48 | Queue | Villager (Male) |
| 4:48 | Queue | Villager (Male) |
| 5:02 | Build | Palisade Wall |
| 5:11 | Queue | Villager (Male) |
| 5:11 | Queue | Villager (Male) |
| 5:33 | Queue | Villager (Male) |
| 6:00 | Queue | Villager (Male) |
| 6:25 | Build | House |
| 6:42 | Queue | Villager (Male) |
| 6:59 | Build | Palisade Wall |
| 7:00 | Build | Palisade Wall |
| 7:05 | Queue | Villager (Male) |
| 7:41 | Build | Palisade Wall |
| 7:46 | Queue | Villager (Male) |
| 7:47 | Queue | Villager (Male) |
| 8:30 | Research | Feudal Age |
| 8:36 | Build | Settlement |
| 8:50 | Build | Farm |
| 8:53 | Build | Farm |
| 9:13 | Build | Settlement |
| 9:36 | Build | Palisade Wall |
| 10:06 | Build | Palisade Wall |
| 10:43 | Queue | Villager (Male) |
| 10:43 | Queue | Villager (Male) |
| 10:56 | Age | Feudal Age |
| 11:04 | Build | Market |
| 11:07 | Queue | Villager (Male) |
| 11:21 | Build | Blacksmith |
| 11:53 | Build | Palisade Wall |
| 12:00 | Build | Palisade Wall |
| 12:28 | Research | Castle Age |
| 13:13 | Research | Double-Bit Axe |
| 14:03 | Build | Palisade Wall |
| 14:09 | Build | Outpost |
| 14:23 | Queue | Villager (Male) |
| 14:59 | Research | Horse Collar |
| 15:01 | Build | Farm |
| 15:02 | Build | Farm |
| 15:03 | Build | Farm |
| 15:08 | Age | Castle Age |
| 15:26 | Build | Castle |
| 15:30 | Build | Palisade Wall |
| 15:37 | Queue | Villager (Male) |
| 15:38 | Queue | Villager (Male) |
| 15:40 | Build | Farm |
| 15:48 | Build | Farm |
| 15:52 | Build | Farm |
| 16:11 | Research | Bow Saw |
| 16:39 | Queue | Villager (Male) |
| 16:39 | Queue | Villager (Male) |
| 16:49 | Build | Farm |
| 16:50 | Build | Farm |
| 16:51 | Queue | Unit 2579 |
| 16:52 | Queue | Unit 2579 |
| 16:52 | Queue | Unit 2579 |
| 16:52 | Queue | Unit 2579 |
| 17:03 | Research | Fletching |
| 17:27 | Queue | Unit 2579 |
| 17:27 | Queue | Unit 2579 |
| 17:33 | Build | Farm |
| 17:38 | Queue | Villager (Male) |
| 17:38 | Queue | Villager (Male) |
| 17:38 | Queue | Villager (Male) |
| 18:08 | Research | Bodkin Arrow |
| 18:16 | Queue | Unit 2579 |
| 18:33 | Build | Farm |
| 18:43 | Queue | Unit 2579 |
| 18:43 | Queue | Unit 2579 |
| 18:52 | Queue | Villager (Male) |
| 18:53 | Queue | Villager (Male) |
| 18:53 | Queue | Villager (Male) |
| 18:54 | Queue | Villager (Male) |
| 19:00 | Queue | Unit 2579 |
| 19:00 | Queue | Unit 2579 |
| 19:21 | Queue | Unit 2579 |
| 19:25 | Queue | Unit 2579 |
| 19:26 | Queue | Unit 2579 |
| 19:29 | Queue | Villager (Male) |
| 19:29 | Queue | Villager (Male) |
| 19:29 | Queue | Villager (Male) |
| 19:54 | Queue | Unit 2579 |
| 19:56 | Queue | Villager (Male) |
| 19:56 | Queue | Villager (Male) |
| 20:01 | Queue | Villager (Male) |
| 20:01 | Queue | Villager (Male) |
| 20:05 | Research | Padded Archer Armor |
| 20:06 | Queue | Unit 2579 |
| 20:17 | Queue | Villager (Male) |
| 20:37 | Build | House |
| 20:39 | Build | House |
| 20:53 | Build | University |
| 20:55 | Queue | Unit 2579 |
| 20:55 | Queue | Unit 2579 |
| 21:02 | Queue | Villager (Male) |
| 21:03 | Queue | Villager (Male) |
| 21:03 | Queue | Villager (Male) |
| 21:03 | Queue | Villager (Male) |
| 21:18 | Queue | Unit 2579 |
| 21:18 | Queue | Unit 2579 |
| 21:24 | Queue | Villager (Male) |
| 21:24 | Queue | Villager (Male) |
| 21:25 | Queue | Villager (Male) |
| 21:28 | Queue | Unit 2579 |
| 21:28 | Queue | Unit 2579 |
| 22:28 | Research | Ballistics |
| 22:34 | Queue | Villager (Male) |
| 22:35 | Queue | Villager (Male) |
| 22:35 | Queue | Villager (Male) |
| 22:35 | Queue | Villager (Male) |
| 22:36 | Queue | Villager (Male) |
| 22:36 | Queue | Villager (Male) |
| 23:05 | Queue | Unit 2579 |
| 23:06 | Queue | Unit 2579 |
| 23:08 | Queue | Villager (Male) |
| 23:08 | Queue | Villager (Male) |
| 23:08 | Queue | Villager (Male) |
| 23:34 | Build | Town Center |
| 23:51 | Queue | Unit 2579 |
| 23:51 | Queue | Unit 2579 |
| 24:07 | Queue | Unit 2579 |
| 24:08 | Queue | Unit 2579 |
| 24:11 | Queue | Villager (Male) |
| 24:11 | Queue | Villager (Male) |
| 24:11 | Queue | Villager (Male) |
| 24:23 | Queue | Unit 2579 |
Build order — Zzzzzz
First 150 of 184 actions detected
| 0:01 | Queue | Villager (Male) |
| 0:01 | Queue | Villager (Male) |
| 0:02 | Build | House |
| 0:04 | Build | House |
| 0:19 | Queue | Villager (Male) |
| 0:19 | Queue | Villager (Male) |
| 1:23 | Queue | Villager (Male) |
| 1:45 | Build | Lumber Camp |
| 2:00 | Queue | Villager (Male) |
| 2:17 | Queue | Villager (Male) |
| 2:47 | Queue | Villager (Male) |
| 3:02 | Queue | Villager (Male) |
| 3:32 | Queue | Villager (Male) |
| 4:05 | Build | House |
| 4:12 | Queue | Villager (Male) |
| 4:12 | Queue | Villager (Male) |
| 4:25 | Queue | Villager (Male) |
| 4:42 | Build | Barracks |
| 5:02 | Queue | Villager (Male) |
| 5:02 | Queue | Villager (Male) |
| 5:20 | Queue | Villager (Male) |
| 5:40 | Build | House |
| 5:46 | Queue | Militia |
| 5:47 | Queue | Militia |
| 5:47 | Queue | Militia |
| 5:54 | Queue | Villager (Male) |
| 6:14 | Queue | Villager (Male) |
| 6:17 | Queue | Villager (Male) |
| 6:26 | Build | Palisade Gate |
| 6:32 | Queue | Militia |
| 6:41 | Build | Mill |
| 7:02 | Build | House |
| 7:05 | Queue | Villager (Male) |
| 7:11 | Build | Palisade Wall |
| 7:23 | Queue | Villager (Male) |
| 7:23 | Queue | Villager (Male) |
| 7:47 | Queue | Villager (Male) |
| 9:00 | Queue | Villager (Male) |
| 9:00 | Queue | Villager (Male) |
| 9:03 | Build | House |
| 9:07 | Build | Farm |
| 9:08 | Build | Farm |
| 9:27 | Build | Farm |
| 9:40 | Queue | Villager (Male) |
| 9:42 | Build | Farm |
| 9:46 | Queue | Villager (Male) |
| 10:19 | Research | Feudal Age |
| 10:25 | Build | Mining Camp |
| 11:58 | Age | Feudal Age |
| 12:00 | Queue | Villager (Male) |
| 12:00 | Queue | Villager (Male) |
| 12:16 | Build | Blacksmith |
| 12:23 | Build | Blacksmith |
| 12:32 | Queue | Villager (Male) |
| 12:45 | Build | Archery Range |
| 13:12 | Queue | Villager (Male) |
| 13:20 | Build | House |
| 13:48 | Build | Archery Range |
| 14:01 | Research | Castle Age |
| 14:34 | Research | Double-Bit Axe |
| 14:57 | Research | Horse Collar |
| 15:33 | Queue | Archer |
| 15:33 | Queue | Archer |
| 15:35 | Research | Fletching |
| 15:37 | Age | Castle Age |
| 15:42 | Queue | Villager (Male) |
| 15:59 | Build | Town Center |
| 16:12 | Research | Crossbowman (upgrade) |
| 16:35 | Queue | Villager (Male) |
| 16:39 | Queue | Archer |
| 16:39 | Queue | Archer |
| 16:58 | Queue | Villager (Male) |
| 17:10 | Build | Stone Wall |
| 17:17 | Build | Stone Wall |
| 17:23 | Build | Siege Workshop |
| 17:31 | Build | Stone Wall |
| 17:45 | Queue | Villager (Male) |
| 17:45 | Queue | Villager (Male) |
| 17:56 | Build | Gate |
| 18:38 | Queue | Mangonel |
| 18:52 | Build | Stone Wall |
| 18:59 | Build | Stone Wall |
| 19:04 | Build | Stone Wall |
| 19:21 | Queue | Villager (Male) |
| 19:26 | Build | Market |
| 20:02 | Build | Farm |
| 20:07 | Queue | Villager (Male) |
| 20:07 | Queue | Villager (Male) |
| 20:11 | Build | House |
| 20:21 | Queue | Mangonel |
| 20:33 | Build | House |
| 20:34 | Build | House |
| 20:36 | Build | House |
| 20:39 | Build | House |
| 22:15 | Build | Farm |
| 22:16 | Build | Farm |
| 22:17 | Build | Farm |
| 22:19 | Build | Farm |
| 22:20 | Build | Farm |
| 22:33 | Build | Stone Wall |
| 22:38 | Build | Gate |
| 22:46 | Build | Farm |
| 22:49 | Build | Farm |
| 22:56 | Build | Lumber Camp |
| 23:04 | Build | Farm |
| 23:06 | Build | Farm |
| 23:12 | Build | Farm |
| 23:16 | Build | Farm |
| 23:20 | Build | Farm |
| 23:23 | Build | Farm |
| 23:23 | Build | Farm |
| 23:26 | Queue | Villager (Male) |
| 23:27 | Queue | Villager (Male) |
| 23:35 | Queue | Battering Ram |
| 23:51 | Queue | Villager (Male) |
| 23:57 | Build | Farm |
| 24:14 | Queue | Villager (Male) |
| 24:21 | Build | Farm |
| 24:23 | Queue | Villager (Male) |
| 24:32 | Build | Farm |
| 24:36 | Build | Farm |
| 24:38 | Queue | Villager (Male) |
| 24:50 | Queue | Villager (Male) |
| 24:50 | Queue | Villager (Male) |
| 25:06 | Queue | Villager (Male) |
| 25:30 | Queue | Villager (Male) |
| 25:30 | Queue | Villager (Male) |
| 25:36 | Queue | Villager (Male) |
| 25:45 | Build | Farm |
| 25:47 | Build | Farm |
| 25:48 | Build | Farm |
| 25:49 | Build | Farm |
| 25:56 | Queue | Villager (Male) |
| 26:12 | Build | Town Center |
| 26:16 | Research | Wheelbarrow |
| 26:17 | Research | Wheelbarrow |
| 26:17 | Queue | Villager (Male) |
| 26:17 | Queue | Villager (Male) |
| 26:24 | Build | House |
| 26:55 | Research | Heavy Plow |
| 26:58 | Research | Bow Saw |
| 26:58 | Research | Bow Saw |
| 26:58 | Queue | Villager (Male) |
| 27:01 | Queue | Villager (Male) |
| 27:10 | Build | Farm |
| 27:13 | Queue | Villager (Male) |
| 27:14 | Queue | Villager (Male) |
| 27:14 | Queue | Villager (Male) |
| 27:34 | Queue | Villager (Male) |
| 27:35 | Queue | Villager (Male) |
Build order — Revenge
First 150 of 244 actions detected
| 0:01 | Queue | Villager (Male) |
| 0:01 | Queue | Villager (Male) |
| 0:01 | Queue | Villager (Male) |
| 0:03 | Build | House |
| 0:05 | Build | House |
| 0:10 | Queue | Villager (Male) |
| 1:34 | Queue | Villager (Male) |
| 1:47 | Build | Lumber Camp |
| 2:04 | Queue | Villager (Male) |
| 2:19 | Queue | Villager (Male) |
| 2:53 | Queue | Villager (Male) |
| 3:06 | Queue | Villager (Male) |
| 3:15 | Build | House |
| 3:28 | Build | House |
| 3:45 | Queue | Villager (Male) |
| 3:45 | Queue | Villager (Male) |
| 4:03 | Build | House |
| 4:10 | Queue | Villager (Male) |
| 4:11 | Queue | Villager (Male) |
| 4:26 | Build | Palisade Wall |
| 4:33 | Queue | Villager (Male) |
| 4:56 | Queue | Villager (Male) |
| 5:04 | Build | Mill |
| 5:13 | Queue | Villager (Male) |
| 5:50 | Queue | Villager (Male) |
| 5:51 | Queue | Villager (Male) |
| 6:12 | Build | House |
| 6:16 | Queue | Villager (Male) |
| 6:48 | Queue | Villager (Male) |
| 6:48 | Queue | Villager (Male) |
| 6:48 | Queue | Villager (Male) |
| 7:34 | Queue | Villager (Male) |
| 8:04 | Queue | Villager (Male) |
| 8:16 | Build | Palisade Gate |
| 8:29 | Queue | Villager (Male) |
| 8:45 | Build | Mining Camp |
| 8:49 | Build | Mining Camp |
| 8:51 | Research | Feudal Age |
| 11:00 | Queue | Villager (Male) |
| 11:00 | Queue | Villager (Male) |
| 11:03 | Age | Feudal Age |
| 11:05 | Research | Double-Bit Axe |
| 11:06 | Research | Double-Bit Axe |
| 11:07 | Research | Horse Collar |
| 11:15 | Build | Gate |
| 11:25 | Queue | Villager (Male) |
| 11:29 | Build | Farm |
| 11:30 | Build | Farm |
| 11:34 | Build | Farm |
| 11:37 | Build | Farm |
| 11:56 | Build | Stone Wall |
| 11:58 | Build | Stone Wall |
| 12:03 | Build | Farm |
| 12:07 | Queue | Villager (Male) |
| 12:20 | Queue | Villager (Male) |
| 12:33 | Build | Market |
| 13:05 | Build | Blacksmith |
| 13:21 | Queue | Villager (Male) |
| 14:09 | Research | Castle Age |
| 14:55 | Build | Farm |
| 14:57 | Build | Farm |
| 15:44 | Build | Farm |
| 16:49 | Age | Castle Age |
| 16:56 | Queue | Villager (Male) |
| 17:05 | Build | Castle |
| 17:19 | Build | Farm |
| 17:21 | Research | Bow Saw |
| 17:21 | Research | Bow Saw |
| 17:22 | Queue | Villager (Male) |
| 17:34 | Research | Scale Mail Armor |
| 17:35 | Research | Scale Mail Armor |
| 17:42 | Queue | Villager (Male) |
| 17:48 | Build | Farm |
| 17:51 | Build | Farm |
| 17:59 | Build | Farm |
| 18:14 | Research | Forging |
| 18:14 | Research | Forging |
| 18:18 | Queue | Villager (Male) |
| 18:34 | Queue | Woad Raider |
| 18:35 | Queue | Woad Raider |
| 18:35 | Queue | Villager (Male) |
| 18:44 | Build | Farm |
| 18:46 | Build | Farm |
| 18:49 | Build | Farm |
| 18:50 | Queue | Woad Raider |
| 18:50 | Queue | Woad Raider |
| 18:51 | Queue | Woad Raider |
| 19:07 | Queue | Woad Raider |
| 19:11 | Build | Farm |
| 19:12 | Build | Farm |
| 19:19 | Queue | Villager (Male) |
| 19:20 | Queue | Villager (Male) |
| 19:27 | Queue | Woad Raider |
| 19:28 | Queue | Villager (Male) |
| 19:35 | Build | Town Center |
| 19:40 | Build | Farm |
| 19:42 | Build | Farm |
| 19:43 | Build | Farm |
| 19:43 | Queue | Villager (Male) |
| 19:55 | Queue | Woad Raider |
| 19:56 | Queue | Woad Raider |
| 20:07 | Queue | Woad Raider |
| 20:07 | Queue | Woad Raider |
| 20:24 | Research | Chain Mail Armor |
| 20:41 | Queue | Woad Raider |
| 20:42 | Queue | Villager (Male) |
| 20:42 | Queue | Villager (Male) |
| 20:48 | Build | Farm |
| 20:55 | Queue | Woad Raider |
| 20:55 | Queue | Woad Raider |
| 21:07 | Queue | Woad Raider |
| 21:08 | Queue | Woad Raider |
| 21:13 | Build | Farm |
| 21:19 | Queue | Villager (Male) |
| 21:20 | Queue | Villager (Male) |
| 21:20 | Queue | Villager (Male) |
| 21:28 | Queue | Villager (Male) |
| 21:34 | Queue | Woad Raider |
| 21:34 | Queue | Woad Raider |
| 21:52 | Queue | Woad Raider |
| 21:52 | Queue | Woad Raider |
| 22:01 | Queue | Villager (Male) |
| 22:11 | Queue | Woad Raider |
| 22:12 | Queue | Woad Raider |
| 22:25 | Queue | Woad Raider |
| 22:25 | Queue | Woad Raider |
| 22:26 | Queue | Villager (Male) |
| 22:28 | Queue | Villager (Male) |
| 22:36 | Build | Town Center |
| 22:37 | Queue | Woad Raider |
| 22:55 | Queue | Woad Raider |
| 22:56 | Queue | Villager (Male) |
| 22:56 | Queue | Villager (Male) |
| 23:09 | Queue | Woad Raider |
| 23:21 | Queue | Woad Raider |
| 23:21 | Queue | Woad Raider |
| 23:26 | Build | House |
| 23:27 | Build | House |
| 23:27 | Build | House |
| 23:27 | Build | House |
| 23:33 | Queue | Woad Raider |
| 23:33 | Queue | Woad Raider |
| 23:39 | Queue | Villager (Male) |
| 23:40 | Queue | Villager (Male) |
| 23:40 | Queue | Villager (Male) |
| 23:52 | Queue | Woad Raider |
| 23:52 | Queue | Woad Raider |
| 24:01 | Queue | Woad Raider |
| 24:18 | Queue | Villager (Male) |
| 24:22 | Build | Barracks |
Match timeline
| 3:56 | OS+ | Nino D'Angelo · wall_segment Palisade Wall x1 |
| 4:26 | Revenge · wall_segment Palisade Wall x9 |
| 4:38 | Dott_Berlu · wall_segment Palisade Wall x13 |
| 4:42 | Zzzzzz · first_building Barracks |
| 4:42 | Charizard · wall_segment Palisade Wall x11 |
| 5:02 | Dott_Berlu · wall_segment Palisade Wall x4 |
| 5:13 | OS+ | Nino D'Angelo · wall_segment Palisade Wall x2 |
| 5:14 | OS+ | Nino D'Angelo · wall_segment Palisade Wall x3 |
| 5:16 | OS+ | Nino D'Angelo · wall_segment Palisade Wall x2 |
| 5:35 | dapao · wall_segment Palisade Wall x4 |
| 5:36 | dapao · wall_segment Palisade Wall x11 |
| 6:01 | holagame · wall_segment Palisade Wall x5 |
| 6:34 | Charizard · wall_segment Palisade Wall x1 |
| 6:44 | OS+ | Nino D'Angelo · wall_segment Palisade Wall x1 |
| 6:59 | Dott_Berlu · wall_segment Palisade Wall x9 |
| 7:00 | Dott_Berlu · wall_segment Palisade Wall x1 |
| 7:08 | OS+ | VoNDutcH · first_building Barracks |
| 7:11 | Zzzzzz · wall_segment Palisade Wall x1 |
| 7:38 | Charizard · wall_segment Palisade Wall x10 |
| 7:41 | Dott_Berlu · wall_segment Palisade Wall x1 |
| 8:39 | OS+ | Nino D'Angelo · wall_segment Palisade Wall x1 |
| 8:40 | OS+ | Nino D'Angelo · wall_segment Palisade Wall x1 |
| 8:43 | OS+ | Nino D'Angelo · wall_segment Palisade Wall x1 |
| 8:50 | OS+ | VoNDutcH · age_up feudal |
| 8:54 | Charizard · wall_segment Palisade Wall x1 |
| 8:55 | Charizard · wall_segment Palisade Wall x1 |
| 8:56 | OS+ | VoNDutcH · first_building Stable |
| 9:36 | Dott_Berlu · wall_segment Palisade Wall x3 |
| 9:36 | Charizard · age_up feudal |
| 10:06 | Dott_Berlu · wall_segment Palisade Wall x4 |
| 10:16 | OS+ | Nino D'Angelo · wall_segment Palisade Wall x1 |
| 10:19 | OS+ | Nino D'Angelo · wall_segment Palisade Wall x6 |
| 10:31 | holagame · age_up feudal |
| 10:36 | dapao · first_building Barracks |
| 10:56 | Dott_Berlu · age_up feudal |
| 11:03 | Revenge · age_up feudal |
| 11:15 | dapao · age_up feudal |
| 11:46 | OS+ | Nino D'Angelo · age_up feudal |
| 11:52 | dapao · first_building Stable |
| 11:53 | Dott_Berlu · wall_segment Palisade Wall x6 |
| 11:56 | Revenge · wall_segment Stone Wall x6 |
| 11:58 | Zzzzzz · age_up feudal |
| 11:58 | Revenge · wall_segment Stone Wall x4 |
| 12:00 | Dott_Berlu · wall_segment Palisade Wall x2 |
| 12:38 | Charizard · first_building Barracks |
| 12:45 | Zzzzzz · first_building Archery Range |
| 13:48 | Charizard · first_building Stable |
| 14:03 | Dott_Berlu · wall_segment Palisade Wall x1 |
| 14:09 | Revenge · first_market_buy 100 food |
| 14:19 | Charizard · first_building Archery Range |
| 14:20 | holagame · age_up castle |
| 14:26 | holagame · first_building Monastery |
| 14:32 | OS+ | Nino D'Angelo · age_up castle |
| 14:36 | OS+ | Nino D'Angelo · first_building Siege Workshop |
| 14:55 | OS+ | Nino D'Angelo · wall_segment Palisade Wall x1 |
| 14:56 | OS+ | Nino D'Angelo · wall_segment Palisade Wall x1 |
| 14:57 | OS+ | Nino D'Angelo · wall_segment Palisade Wall x1 |
| 15:08 | Dott_Berlu · age_up castle |
| 15:26 | Dott_Berlu · first_building Castle |
| 15:29 | dapao · age_up castle |
| 15:30 | Dott_Berlu · wall_segment Palisade Wall x1 |
| 15:37 | Zzzzzz · age_up castle |
| 16:26 | OS+ | Nino D'Angelo · first_building Monastery |
| 16:49 | Revenge · age_up castle |
| 17:05 | Revenge · first_building Castle |
| 17:10 | Zzzzzz · wall_segment Stone Wall x1 |
| 17:17 | Zzzzzz · wall_segment Stone Wall x1 |
| 17:19 | holagame · first_building Barracks |
| 17:23 | Zzzzzz · first_building Siege Workshop |
| 17:31 | Zzzzzz · wall_segment Stone Wall x1 |
| 17:33 | holagame · first_building Siege Workshop |
| 18:17 | Charizard · age_up castle |
| 18:52 | Zzzzzz · wall_segment Stone Wall x3 |
| 18:59 | Zzzzzz · wall_segment Stone Wall x1 |
| 19:04 | Zzzzzz · wall_segment Stone Wall x1 |
| 19:04 | holagame · first_building Stable |
| 19:26 | OS+ | VoNDutcH · age_up castle |
| 20:19 | Zzzzzz · first_market_sell 100 wood |
| 20:21 | Revenge · first_market_sell 100 wood |
| 21:21 | Dott_Berlu · first_market_sell 100 food |
| 21:21 | Dott_Berlu · first_market_buy 100 wood |
| 22:33 | Zzzzzz · wall_segment Stone Wall x11 |
| 24:22 | Revenge · first_building Barracks |
| 24:29 | OS+ | VoNDutcH · first_building Castle |
| 25:05 | dapao · first_building Siege Workshop |
| 26:05 | Charizard · first_market_buy 100 stone |
| 27:11 | OS+ | VoNDutcH · wall_segment Stone Wall x1 |
| 27:13 | OS+ | VoNDutcH · wall_segment Stone Wall x1 |
| 27:14 | OS+ | VoNDutcH · wall_segment Stone Wall x1 |
| 27:50 | holagame · first_market_buy 100 wood |
| 27:54 | Charizard · wall_segment Stone Wall x1 |
| 27:54 | OS+ | Nino D'Angelo · first_market_buy 100 stone |
| 28:04 | OS+ | Nino D'Angelo · first_building Castle |
| 28:04 | Charizard · first_building Siege Workshop |
| 28:09 | Charizard · wall_segment Stone Wall x2 |
| 28:10 | holagame · first_building Castle |
| 28:11 | Charizard · wall_segment Stone Wall x1 |
| 28:18 | Charizard · wall_segment Stone Wall x1 |
| 28:38 | Charizard · wall_segment Stone Wall x1 |
| 29:58 | dapao · first_building Castle |
| 30:23 | Charizard · resign |
[ AI ANALYSIS · 1 CREDIT ]
What really happened in this match?
Wolo.gg analyzes every decision: build order, eco, micro, common mistakes by bracket. Personalized analysis on WhatsApp or Discord in 30 seconds.
Civ guide
Burgundians
Perfil
Jugador #18918352